 Dungeon Crawl Stone Soup version 0.24-a0-535-gbb0d440638 (webtiles) character file.

Game seed: 980051534631082821

3215 Gynju the Geomancer (level 9, -4/45 HPs)
             Began as a Gargoyle Earth Elementalist on Aug 10, 2019.
             Was an Initiate of Vehumet.
             Killed from afar by a gargoyle (19 damage)
             ... with a stone arrow
             ... on level 7 of the Dungeon.
             The game lasted 00:15:03 (6149 turns).

Gynju the Geomancer (Gargoyle Earth Elementalist)   Turns: 6149, Time: 00:15:04

Health: -4/45      AC: 19    Str: 12    XL:     9   Next: 97%
Magic:  9/21       EV:  8    Int: 22    God:    Vehumet [......]
Gold:   320        SH:  3    Dex: 10    Spells: 19/25 levels left

rFire    x . .     SeeInvis .   a - +0 morningstar
rCold    + + .     Gourm    .   (no shield)
rNeg     + + .     Faith    .   y - +0 ice dragon scales
rPois    ∞         Spirit   .   k - +2 hat {Int+3}
rElec    +         Reflect  +   (no cloak)
rCorr    .         Harm     .   E - +0 pair of gloves
MR       .....                  n - +0 pair of boots
Stlth    ..........             q - +3 amulet of reflection
HPRegen  0.15/turn              s - ring of positive energy
MPRegen  0.17/turn              (no ring)

@: no status effects
A: negative energy resistance 1, electricity resistance, unbreathing,
petrification resistance, rot immunity, AC +6
a: Renounce Religion


You were on level 7 of the Dungeon.
You worshipped Vehumet.
Vehumet was noncommittal.
You were hungry.

You visited 2 branches of the dungeon, and saw 8 of its levels.

You collected 344 gold pieces.
You spent 24 gold pieces at shops.

Inventory:

Hand Weapons
 a - a +0 morningstar (weapon)
Missiles
 b - 75 stones (quivered)
Armour
 k - a +2 hat of intelligence (worn)
 n - a +0 pair of boots (worn)
 y - +0 ice dragon scales (worn)
 E - a +0 pair of gloves (worn)
Magical Staves
 j - an uncursed staff of poison {unknown}
Jewellery
 q - a +3 amulet of reflection (around neck)
 s - a ring of positive energy (left hand)
 w - an uncursed amulet of the gourmand {unknown}
 x - an uncursed ring of positive energy
 C - a cursed amulet of the acrobat {unknown}
Wands
 e - a wand of flame (20)
 m - a wand of random effects (9)
 u - a wand of acid (9)
 F - a wand of polymorph (8)
 K - a wand of iceblast (12)
Scrolls
 c - 4 scrolls of teleportation {unknown}
 f - 2 scrolls of enchant weapon {unknown}
 g - 2 scrolls of fog {unknown}
 h - 2 scrolls of blinking {unknown}
 l - 3 scrolls of remove curse {unknown}
 o - a scroll of enchant armour {unknown}
 t - a scroll of fear {unknown}
 B - 2 scrolls of noise {unknown}
 H - a scroll of immolation {unknown}
 I - 2 scrolls of identify
Potions
 i - 7 potions of curing
 p - 3 potions of agility
 r - 2 potions of brilliance
 v - a potion of might {unknown}
 z - 3 potions of heal wounds
 A - a potion of degeneration {unknown}
 D - a potion of lignification {unknown}
 G - a potion of flight {unknown}
Comestibles
 d - 8 rations
 J - 2 chunks of flesh


   Skills:
 + Level 3.9 Maces & Flails
 - Level 1.5 Dodging
 - Level 2.1 Stealth
 * Level 8.7 Spellcasting
 - Level 0.7 Transmutations
 * Level 11.4 Earth Magic


You had 19 spell levels left.
You knew the following spells:

 Your Spells              Type           Power        Failure   Level  Hunger
a - Sandblast             Erth           ######       1%          1    None
b - Stone Arrow           Conj/Erth      ####..       16%         3    None
c - Passwall              Tmut/Erth      #####...     7%          2    None

Your spell library contained the following spells:

 Spells                   Type           Power        Failure   Level  Hunger
 Lee's Rapid Deconstruct  Erth           ######....   14%         5    #####..
 Petrify                  Tmut/Erth      #####...     41%         4    ##.....


Dungeon Overview and Level Annotations

Branches:
Dungeon (7/15)             Temple (1/1) D:6

Altars:
Ashenzari
Cheibriados
Dithmenos
Elyvilon
Fedhas
Gozag
Kikubaaqudgha
Makhleb
Nemelex Xobeh
Okawaru
Qazlal
Ru
Sif Muna
Trog
Uskayaw
Vehumet
Xom
Yredelemnul
The Shining One

Shops:
D:4 ?   D:5 %

Annotations:
D:2 Sigmund
D:7 exclusion: oklob plant


Innate Abilities, Weirdness & Mutations

You are resistant to torment.
Your stone body is resilient. (AC +6)
You are immune to poison.
You resist negative energy. (rN+)
You are resistant to electric shocks. (rElec)
You can survive without breathing.
You are immune to petrification.
You are immune to rotting.


Message History

Casting: Sandblast (safe; 1% risk of failure)
Confirm with . or Enter, or press ? or * to list all spells.
Aiming: Sandblast (safe; 1% risk of failure)
Press: ? - help, Shift-Dir - straight line, f/p - gargoyle
Aim: a gargoyle, wielding a +0 mace (lightly damaged)
The blast of sand hits the gargoyle.
The gargoyle is lightly damaged.
b - 76 stones A cyclops comes into view.
Casting: Sandblast (safe; 1% risk of failure)
Confirm with . or Enter, or press ? or * to list all spells.
Aiming: Sandblast (safe; 1% risk of failure)
Press: ? - help, Shift-Dir - straight line, f/p - gargoyle
Aim: a gargoyle, wielding a +0 mace (lightly damaged)
The blast of sand hits the gargoyle but does no damage.
The gargoyle is lightly damaged.
b - 75 stones The gargoyle hurls a stone arrow at you.
The stone arrow hits you!!
You die...

#.#.......# ##...##..#.#..
#.#####...##.C #.....###...##
#......#...#.[# #.....##.#.#.#
######'#...##/. #.#####.##...##
#...........#.. #. #.###.###
#...........##Z ..#.###..##.##.
+............#W # #...†..##.##.
#............#9#########.##.##.#
#.........#..##@........##.##.÷.
###########...#..#.#.#..##.##..#
# #...##..#.#(.##...##..
...8###...#...#...##.#.##..
....##....##.#.#.##.....##.
....>#.#...#..#..####.####.
....####...##...##.......##
...8## ##...#...###.÷.†.### #8##
#...## #.#.#.#.#.#


You could see a cyclops, a wraith, a gargoyle and a howler monkey skeleton.

Vanquished Creatures
  A two-headed ogre (D:7)
  A hornet (D:7)
  Eustachio (D:5)
  Edmund (D:6)
  A phantom (D:7)
  4 black bears
  An ice beast (D:5)
  An ogre (D:7)
  2 centaurs
  4 bullfrogs
  4 scorpions
  A killer bee (D:7)
  A howler monkey (D:7)
  4 orc priests
  2 hounds (D:4)
  A jelly (D:7)
  3 orc wizards
  A centaur skeleton (D:7)
  3 iguanas
  6 worker ants
  A hound zombie (D:7)
  A hound skeleton (D:5)
  A howler monkey zombie (D:5)
  A worker ant zombie (D:7)
  8 gnolls (D:5)
  7 adders
  An ooze (D:5)
  2 dart slugs (D:1)
  5 leopard geckos
  15 orcs
  6 bats
  4 giant cockroaches
  7 goblins
  4 hobgoblins
  4 jackals
  6 kobolds
  A ball python (D:4)
  4 frilled lizards
  A giant cockroach zombie (D:5)
  2 quokka skeletons (D:4)
  3 rats (D:1)
127 creatures vanquished.

Notes
Turn   | Place    | Note
-------+----------+-------------------------------------------
     0 | D:1      | Gynju the Gargoyle Earth Elementalist began the quest for
                  | the Orb.
     0 | D:1      | Reached XP level 1. HP: 10/10 MP: 3/3
    95 | D:1      | Reached XP level 2. HP: 15/15 MP: 3/5
    97 | D:1      | Reached skill level 4 in Earth Magic
   416 | D:1      | Found an iron altar of Okawaru.
   594 | D:1      | Reached XP level 3. HP: 19/19 MP: 1/6
   877 | D:2      | Learned a level 3 spell: Stone Arrow
   998 | D:2      | Noticed Sigmund
  1342 | D:3      | Found an ancient bone altar of Kikubaaqudgha.
  1649 | D:4      | Reached XP level 4. HP: 12/24 MP: 1/8
  1830 | D:3      | Reached skill level 5 in Earth Magic
  2125 | D:3      | Reached XP level 5. HP: 19/28 MP: 0/10
  2348 | D:3      | Noticed a black bear
  2407 | D:4      | Learned a level 2 spell: Passwall
  2584 | D:4      | Reached skill level 6 in Earth Magic
  2677 | D:4      | Reached XP level 6. HP: 32/32 MP: 7/12
  2735 | D:4      | Found Ruliomo's Magic Scroll Emporium.
  2751 | D:4      | Bought a scroll of identify for 24 gold pieces
  2782 | D:4      | Found a white marble altar of Elyvilon.
  2969 | D:5      | Entered Level 5 of the Dungeon
  3070 | D:5      | Noticed a black bear
  3089 | D:5      | Killed a black bear
  3089 | D:5      | Reached skill level 5 in Spellcasting
  3089 | D:5      | Reached skill level 7 in Earth Magic
  3089 | D:5      | Reached XP level 7. HP: 36/36 MP: 10/14
  3681 | D:5      | Noticed Eustachio
  3782 | D:5      | Killed Eustachio
  3782 | D:5      | Reached skill level 8 in Earth Magic
  3824 | D:5      | Found Dihekyeb's Food Emporium.
  3837 | D:5      | Reached XP level 8. HP: 33/41 MP: 11/17
  4123 | D:5      | Found a hide-covered altar of Uskayaw.
  4583 | D:6      | Noticed Edmund
  4586 | D:6      | Killed Edmund
  4586 | D:6      | Reached skill level 9 in Earth Magic
  4649 | D:6      | Found a staircase to the Ecumenical Temple.
  4743 | Temple   | Entered the Ecumenical Temple
  4967 | Temple   | Became a worshipper of Vehumet
  5085 | D:6      | Found a glowing golden altar of the Shining One.
  5424 | D:7      | Found a sparkling altar of Nemelex Xobeh.
  5445 | D:7      | Reached skill level 1 in Maces & Flails
  5478 | D:7      | Found a bloodstained altar of Trog.
  5619 | D:7      | Reached skill level 10 in Earth Magic
  5619 | D:7      | Reached XP level 9. HP: 45/45 MP: 12/20
  5749 | D:7      | Found a blossoming altar of Fedhas.
  5791 | D:7      | Noticed an oklob plant
  6100 | D:7      | Noticed a hornet
  6104 | D:7      | Killed a hornet
  6136 | D:7      | Noticed a two-headed ogre
  6137 | D:7      | Noticed a gargoyle
  6144 | D:7      | Killed a two-headed ogre
  6144 | D:7      | Reached skill level 11 in Earth Magic
  6148 | D:7      | Noticed a cyclops
  6149 | D:7      | Killed from afar by a gargoyle

Levels and vault maps discovered:
D:1:      minmay_arrival_diagonal_passages, layout_rooms,
          okawaru_ov_weapons_minmay
D:2:      layout_basic, lemuel_doored_altar, uniq_sigmund
D:3:      layout_basic, lemuel_crystal_altar, first_ration
D:4:      layout_rooms, kennysheep_mini_moat, serial_shops, nicolae_shop_stone,
          minmay_pentomino_pile
D:5:      layout_basic, eat_drink_and_be_merry_uskayaw, serial_shops, shop,
          uniq_eustachio
D:6:      layout_rooms, kennysheep_mini, lemuel_temple_firewalk_a, uniq_edmund
D:7:      minmay_the_grid_triangle_9x9_rhombus_full
          [minmay_the_grid_triangle_9x9_stretched_checkered,
          minmay_the_grid_triangle_9x9_zippers_vertical,
          minmay_the_grid_triangle_9x9_semitri,
          minmay_the_grid_triangle_9x9_negative_grid,
          minmay_the_grid_triangle_9x9_alien,
          minmay_the_grid_triangle_9x9_limited_checkers,
          minmay_the_grid_triangle_9x9_intruding_spiral,
          minmay_the_grid_triangle_9x9_prize_schism], layout_basic, tgw_fedhas,
          marbit_many_paths, lemuel_round_altar, trog_ov_bears_minmay,
          nicolae_overflow_hidden_temple
Temple:   minmay_temple_forest_path

Skill      XL: |  1  2  3  4  5  6  7  8  9 |
---------------+----------------------------+-----
Earth Magic    | 4 5 6 7 8 10 11 | 11.4
Spellcasting   | 3 4 5 6 7 8 |  8.7
Maces & Flails | 1 3 |  3.9
Dodging        | |  1.5
Stealth        | |  2.1
Transmutations | |  0.7

Action                   |  1- 3 |  4- 6 |  7- 9 || total
-------------------------+-------+-------+-------++-------
Melee: Club              |     7 |       |       ||     7
       Mace              |     5 |       |       ||     5
       Flail             |       |       |    19 ||    19
       Morningstar       |       |       |    11 ||    11
Throw: Stone             |       |     2 |       ||     2
 Cast: Sandblast         |    49 |    58 |   113 ||   220
       Stone Arrow       |       |     1 |     7 ||     8
       Passwall          |       |     1 |       ||     1
  Use: Scroll            |       |     4 |     2 ||     6
  Eat: Chunk             |     2 |     5 |     9 ||    16
Armor: Robe              |    10 |       |       ||    10
       Leather armour    |       |     6 |     6 ||    12
       Ice dragon scales |       |       |    43 ||    43
Dodge: Dodged            |    21 |     5 |    25 ||    51
Block: Other             |       |       |     9 ||     9
       Reflection        |       |       |     1 ||     1

Table legend:
 A = Non-vault XP
 B = Vault XP
 C = Vault XP percentage of total XP
 D = Non-vault monster count
 E = Vault monster count
 F = Vault count percentage of total count
                 A         B        C        D         E       F
            +---------+---------+-------+---------+---------+-------
      Total |    1848 |    2745 |  59.8 |     106 |      21 |  16.5
            +---------+---------+-------+---------+---------+-------
        D:1 |      43 |       0 |   0.0 |      23 |       0 |   0.0
        D:2 |       6 |       0 |   0.0 |       3 |       0 |   0.0
        D:3 |      96 |       0 |   0.0 |      21 |       0 |   0.0
        D:4 |     263 |      40 |  13.2 |      11 |       1 |   8.3
        D:5 |     629 |     197 |  23.8 |      23 |       1 |   4.2
        D:6 |     297 |     162 |  35.3 |      10 |       1 |   9.1
        D:7 |     514 |    2346 |  82.0 |      15 |      18 |  54.5
            +---------+---------+-------+---------+---------+-------
